 Dungeon Crawl Stone Soup version bcrawl-1.36.5b (webtiles) character file.

Game seed: 15093782279956481974

147439 Turbognida the Insei (level 3, -2/27 HPs)
             Began as a Demigod Transmuter on Sept 19, 2022.
             Slain by a gnoll
             ... wielding a +0 spear
              (8 damage)
             ... on level 2 of the Dungeon.
             The game lasted 00:02:12 (997 turns).

Turbognida the Insei (Demigod Transmuter)            Turns: 997, Time: 00:02:13

Health: -2/27      AC:  3    Str: 14    XL:     3   Next: 64%
Magic:  8/8        EV: 12    Int: 17    God:    Demigod [*.....]
Gold:   69         SH:  0    Dex: 19    Spells: 0/5 levels left

rFire    . . .     GDR:     30%   - Fists (7.6)
rCold    . . .     SeeInvis .   (no shield)
rNeg     . . .     Gourm    .   f - +0 leather armour
rPois    .         Faith    .   (no helmet)
rElec    .         Spirit   .   (no cloak)
rCorr    .         Reflect  .   (no gloves)
MR       .....                  (no boots)
Stlth    +.........             (no amulet)
HPRegen  0.09/turn              (no ring)
MPRegen  0.11/turn              (no ring)

@: no status effects
A: high mp 1
a: Temporal Distortion


You were on level 2 of the Dungeon.
You worshipped Demigod.
Demigod was aware of your devotion.
You were not hungry.

You visited 1 branch of the dungeon, and saw 2 of its levels.

You collected 69 gold pieces.

Inventory:

Missiles
 a - 120 arrows
Armour
 b - a +0 robe
 f - a +0 leather armour (worn)
Scrolls
 c - 2 scrolls of fear {unknown}
 h - 2 scrolls of remove curse {unknown}
 i - a scroll of identify
Potions
 d - a potion of lignification
 j - a potion of heal wounds {unknown}
 k - a potion of magic {unknown}
Comestibles
 e - 5 rations {!d}
 g - 2 chunks of flesh


   Skills:
 + Level 0.8 Fighting
 + Level 0.1 Armour
 + Level 1.8 Dodging
 * Level 3.9 Unarmed Combat
 + Level 1.9 Spellcasting
 + Level 2.0 Transmutations


You couldn't memorise any spells.
You knew the following spells:

 Your Spells              Type           Power        Failure   Level  Hunger
a - Beastly Appendage     Tmut           #.....       11%         1    None
b - Sticks to Snakes      Tmut           #.......     16%         2    ##.....
c - Passwall              Tmut/Erth      #.......     24%         2    ##.....

Your spell library contained the following spells:

 Spells                   Type           Power        Failure   Level  Hunger
 Spider Form              Tmut/Pois      #..          43%         3    ####...
 Ice Form                 Ice/Tmut       #.......     85%         4    ######.
 Blade Hands              Tmut           #.........   96%         5    #######


Dungeon Overview and Level Annotations

Branches:
Dungeon (2/12)


Innate Abilities, Weirdness & Mutations

You have an increased reservoir of magic. (+10% MP)


Message History

You barely miss the worm. You claw the worm, but do no damage.
The worm closely misses you.
You hit the worm. You claw the worm!
You kill the worm!
Your kill strengthens your divinity.
Your transformation is almost over.
The gnoll hits you from afar with a +0 spear!
The gnoll barely misses you.
The gnoll hits you from afar with a +0 spear!
* * * LOW HITPOINT WARNING * * *
The gnoll hits you but does no damage.
Found a faded altar of an unknown god.
A giant cockroach comes into view.
Your talons disappear.
There is a stone staircase leading up here.
The giant cockroach bites you.
* * * LOW HITPOINT WARNING * * *
The gnoll hits you from afar with a +0 spear!
You die...
Your divinity fades.

#......#..##..###
..####.#....#...)..
#..........>...###.
##########...#....#.##..
..... ##..........#..
...... #.###.^.#.....
......#####÷# ###.......
.........g..## #....#..
.......@s.g..####....#..
........≈≈.≈.........#..
.###.≈≈≈.≈≈≈..≈......##.
#..≈≈≈≈≈≈≈≈≈..#....##
#..≈≈≈≈≈≈≈≈≈.≈.....##
#≈≈≈≈≈≈≈≈≈≈≈≈.#....#
#..≈≈≈♣♣♣≈≈≈..#....#
>.≈≈≈≈._.≈≈≈≈≈.....# ≈≈≈
≈..≈≈≈.≈..##.#


You could see 2 gnolls and a giant cockroach.

Vanquished Creatures
  A gnoll (D:2)
  A worm (D:2)
  3 dart slugs
  A leopard gecko (D:1)
  An orc (D:2)
  2 giant cockroaches
  5 goblins (D:1)
  6 hobgoblins
  4 kobolds
  3 quokkas
  A bat (D:1)
  A frilled lizard (D:1)
  A rat (D:1)
30 creatures vanquished.

Notes
Turn   | Place    | Note
-------+----------+-------------------------------------------
     0 | D:1      | Turbognida the Demigod Transmuter began the quest for the
                  | Orb.
     0 | D:1      | Reached XP level 1. HP: 15/15 MP: 5/5
   124 | D:1      | Reached skill level 3 in Unarmed Combat
   162 | D:1      | Reached XP level 2. HP: 20/22 MP: 5/7
   654 | D:1      | Reached * piety under Demigod
   655 | D:1      | Reached XP level 3. HP: 19/27 MP: 8/8
   919 | D:2      | Learned a level 2 spell: Sticks to Snakes
   922 | D:2      | Learned a level 2 spell: Passwall
   986 | D:2      | Found a faded altar of an unknown god.
   997 | D:2      | Slain by a gnoll

Skill      XL: |  1  2 |
---------------+-------+-----
Unarmed Combat | 3 |  3.9
Transmutations | 2 |  2.0
Fighting       | |  0.8
Armour         | |  0.1
Dodging        | |  1.8
Spellcasting   | |  1.9

Action                   || total
-------------------------++-------
Melee: Unarmed           ||    83
       Headbutt          ||     5
       Punch             ||     3
       Kick              ||     9
 Cast: Beastly Appendage ||    19
  Eat: Chunk             ||     3
Armor: Leather armour    ||    17
       Robe              ||     1
Dodge: Dodged            ||    44
